[Event "Titled Tuesday Blitz March 14 Early 2023"]
[White "Xu, Xiangyu"]
[Black "Lesbekova, Assel"]
[WhiteFideId "8608288"]
[BlackFideId "13713248"]
[WhiteElo "2477"]
[BlackElo "1799"]
[Result "1-0"]
[Round "03"]
[TimeControl "180+2"]
[Date "2023.03.14"]
[WhiteClock "0:02:47"]
[BlackClock "0:02:47"]

1. d4 f5 2. Bf4 d6 3. Nc3 Nf6 4. e3 g6 5. h4 Bg7 6. h5 Be6 7. Nf3 Nxh5 8. Rxh5 gxh5 9. Ng5 Bf7 10. Nxf7 Kxf7 11. Qxh5+ Ke6 12. Bc4+ Kd7 13. Qxf5+ 1-0


[Site "https://www.chess.com"]

[Event "Titled Tuesday Blitz March 14 Early 2023"]
[White "Lazavik, Denis"]
[Black "Goltsev, Dmitry"]
[WhiteFideId "13515110"]
[BlackFideId "24176710"]
[WhiteElo "2560"]
[BlackElo "2336"]
[Result "1-0"]
[Round "03"]
[TimeControl "180+2"]
[Date "2023.03.14"]
[WhiteClock "0:01:28"]
[BlackClock "0:00:25"]

1. d4 Nf6 2. c4 e6 3. Nf3 d5 4. g3 dxc4 5. Bg2 c5 6. O-O Nc6 7. Qa4 Bd7 8. Qxc4 Nxd4 9. Nxd4 cxd4 10. Qxd4 Bc6 11. Bxc6+ bxc6 12. Qxd8+ Rxd8 13. Be3 a6 14. Rc1 Nd5 15. Bd2 c5 16. Na3 Be7 17. Nc4 O-O 18. a3 Bf6 19. Ba5 Rb8 20. e4 Ne7 21. e5 Bg5 22. f4 Bh6 23. Bc7 Rb7 24. Bd6 Rc8 25. b4 cxb4 26. Na5 Rxc1+ 27. Rxc1 Rb5 28. Bxe7 g5 29. axb4 gxf4 30. Rc8+ Kg7 31. Bf6+ Kg6 32. g4 1-0


[Site "https://www.chess.com"]

[Event "Titled Tuesday Blitz March 14 Early 2023"]
[White "Rustemov, Alexander"]
[Black "Tan, Zhongyi"]
[WhiteFideId "4119002"]
[BlackFideId "8603642"]
[WhiteElo "2917"]
[BlackElo "2519"]
[Result "1-0"]
[Round "03"]
[TimeControl "180+2"]
[Date "2023.03.14"]
[WhiteClock "0:00:49"]
[BlackClock "0:00:10"]

1. d4 d5 2. c4 e6 3. Nc3 Nf6 4. cxd5 exd5 5. Bg5 c6 6. e3 Bf5 7. Qf3 Bg6 8. Bxf6 Qxf6 9. Qxf6 gxf6 10. h4 h5 11. Nh3 Nd7 12. Nf4 Bd6 13. g3 a5 14. Rc1 a4 15. a3 Nb6 16. f3 Nc4 17. Bxc4 dxc4 18. Nxg6 Bxg3+ 19. Ke2 fxg6 20. Ne4 Bc7 21. Nxf6+ Ke7 22. Ne4 b5 23. Rcg1 Rhg8 24. Rg5 Rab8 25. Rc5 Rb6 26. f4 Bd6 27. Nxd6 Kxd6 28. Rg1 Ke7 29. Kf3 Kf7 30. e4 Rd8 31. Ke3 b4 32. e5 bxa3 33. bxa3 Rb3+ 34. Ke4 Rxa3 35. Rxc6 Ra2 36. Rc7+ Kf8 37. Rxg6 Re2+ 38. Kf5 Rxd4 39. Ra6 Red2 40. Rxa4 1-0


[Site "https://www.chess.com"]

[Event "Titled Tuesday Blitz March 14 Early 2023"]
[White "Shuvalov, Evgenij"]
[Black "Ider, Borya"]
[WhiteFideId "4187237"]
[BlackFideId "4901134"]
[WhiteElo "2080"]
[BlackElo "2512"]
[Result "0-1"]
[Round "03"]
[TimeControl "180+2"]
[Date "2023.03.14"]
[WhiteClock "0:00:06"]
[BlackClock "0:00:22"]

1. d4 e6 2. c4 d5 3. Nc3 c6 4. cxd5 exd5 5. Nf3 Bf5 6. Bg5 Be7 7. Bxe7 Qxe7 8. e3 Nf6 9. Bd3 Ne4 10. Bxe4 dxe4 11. Nd2 Nd7 12. O-O O-O 13. Qb3 b6 14. Rac1 Kh8 15. Ne2 Be6 16. Qa4 Bd5 17. Nf4 Nf6 18. Nb1 b5 19. Qa6 Bc4 20. Rfe1 g5 21. b3 gxf4 22. bxc4 f3 23. gxf3 exf3 24. Nd2 Rg8+ 25. Kf1 Ne4 26. Nxf3 Qf6 27. Ke2 b4 28. c5 Rg2 29. Rf1 Re8 30. Qd3 Qe6 31. Ne5 Qxa2+ 32. Kf3 Rxf2+ 33. Rxf2 Qxf2+ 34. Kg4 Rg8+ 35. Kh3 Qg2+ 36. Kh4 Qxh2# 0-1


[Site "https://www.chess.com"]

[Event "Titled Tuesday Blitz March 14 Early 2023"]
[White "Prokofiev, Valentyn"]
[Black "Drygalov, Andrey"]
[WhiteFideId "14160161"]
[BlackFideId "24171735"]
[WhiteElo "2260"]
[BlackElo "2471"]
[Result "0-1"]
[Round "03"]
[TimeControl "180+2"]
[Date "2023.03.14"]
[WhiteClock "0:00:05"]
[BlackClock "0:00:48"]

1. d4 Nf6 2. c4 e6 3. Nf3 d5 4. g3 Bb4+ 5. Bd2 Be7 6. Bg2 O-O 7. O-O Nbd7 8. Bf4 c6 9. Qc2 b6 10. Nbd2 Ba6 11. b3 Nh5 12. Be3 f5 13. Rfe1 Rc8 14. Ne5 Nhf6 15. Nxd7 Qxd7 16. Nf3 c5 17. dxc5 Bxc5 18. Bxc5 Rxc5 19. Rad1 Qc7 20. Nd4 Re8 21. Qb1 dxc4 22. b4 Re5 23. Nc6 Rd5 24. Bxd5 Nxd5 25. b5 Bb7 26. Rc1 c3 27. e4 fxe4 28. Qxe4 Bxc6 29. bxc6 Qxc6 30. Red1 b5 31. Rxc3 Qxc3 32. Rxd5 Qc1+ 33. Kg2 Qc6 34. Re5 Qxe4+ 35. Rxe4 Kf7 36. Rf4+ Ke7 37. Rg4 g6 38. Rh4 h5 39. g4 Rh8 40. Kg3 a5 41. gxh5 Rxh5 42. Re4 b4 43. f4 Rb5 44. Re2 a4 45. Rb2 b3 46. Kg4 a3 47. Rb1 b2 48. h4 Kf6 49. Kg3 Kf5 50. Kf3 Rb4 51. Kg3 Rxf4 52. Re1 e5 53. Rd1 Rd4 0-1


[Site "https://www.chess.com"]

[Event "Titled Tuesday Blitz March 14 Early 2023"]
[White "Kalashian, David"]
[Black "Ozen, Bahadir"]
[WhiteFideId "13302418"]
[BlackFideId "6337058"]
[WhiteElo "2490"]
[BlackElo "2503"]
[Result "1/2-1/2"]
[Round "03"]
[TimeControl "180+2"]
[Date "2023.03.14"]
[WhiteClock "0:01:37"]
[BlackClock "0:01:10"]

1. e4 e5 2. Nf3 Nc6 3. d4 exd4 4. Nxd4 Nf6 5. Nc3 Bb4 6. Nxc6 bxc6 7. Bd3 d5 8. exd5 cxd5 9. O-O O-O 10. Bg5 c6 11. Qf3 h6 12. Bxf6 Qxf6 13. Qxf6 gxf6 14. Ne2 Bd7 15. c3 Bd6 16. Nd4 c5 17. Nf5 Bxf5 18. Bxf5 Rab8 19. b3 Be5 20. Rac1 a5 21. Rfd1 Rfd8 22. g3 c4 23. f4 Bc7 24. bxc4 dxc4 25. Rxd8+ Rxd8 26. Rc2 Bb6+ 27. Kg2 a4 28. Bg4 Ba5 29. Be2 a3 30. Kf3 f5 31. Bxc4 Rc8 32. Bd3 Rxc3 33. Rxc3 Bxc3 34. Bxf5 Kg7 35. Bc2 f6 36. g4 Bb2 37. h3 Bc3 38. Ke4 Bd2 39. f5 Bb4 1/2-1/2


[Site "https://www.chess.com"]

[Event "Titled Tuesday Blitz March 14 Early 2023"]
[White "Filgueira, Hernan"]
[Black "Vakhlamov, Igor L."]
[WhiteFideId "101770"]
[BlackFideId "24126748"]
[WhiteElo "2363"]
[BlackElo "2400"]
[Result "1/2-1/2"]
[Round "03"]
[TimeControl "180+2"]
[Date "2023.03.14"]
[WhiteClock "0:00:24"]
[BlackClock "0:00:14"]

1. c4 Nf6 2. Nc3 e6 3. e4 c5 4. Nf3 Nc6 5. Be2 d5 6. exd5 exd5 7. d4 cxd4 8. Nxd4 dxc4 9. Nxc6 Qxd1+ 10. Nxd1 bxc6 11. Bxc4 Bb4+ 12. Bd2 Bxd2+ 13. Kxd2 Bf5 14. Ne3 O-O-O+ 15. Ke2 Bg6 16. Rhd1 Ne4 17. Rxd8+ Rxd8 18. Rd1 Re8 19. f3 Nf6 20. Kf2 Kc7 21. g4 Nd7 22. h4 h5 23. g5 Ne5 24. Be2 f6 25. f4 Nd7 26. Rd4 Nc5 27. f5 Bf7 28. b4 Ne4+ 29. Kf3 Nd6 30. a3 Re5 31. Kf4 Be8 32. Bd3 a5 33. Nc4 Nxc4 34. Bxc4 Bd7 35. Bd3 axb4 36. axb4 Bc8 37. Be4 Bd7 38. Rc4 Kd6 39. Rd4+ Kc7 40. Rc4 Rb5 41. g6 Re5 42. Rd4 Rb5 43. Rc4 Re5 44. Rd4 Bc8 45. Rc4 Bd7 1/2-1/2


[Site "https://www.chess.com"]

[Event "Titled Tuesday Blitz March 14 Early 2023"]
[White "Jaskolka, Tomasz"]
[Black "Rakhmatullaev, Almas"]
[WhiteFideId "1170791"]
[BlackFideId "14205793"]
[WhiteElo "2155"]
[BlackElo "2221"]
[Result "1-0"]
[Round "03"]
[TimeControl "180+2"]
[Date "2023.03.14"]
[WhiteClock "0:00:21"]
[BlackClock "0:00:15"]

1. d4 Nf6 2. Bf4 d5 3. e3 a6 4. c3 e6 5. Nd2 Bd6 6. Bg3 O-O 7. Ngf3 c5 8. Bd3 Nc6 9. Qe2 Re8 10. Ne5 Qc7 11. f4 b5 12. Bh4 Bxe5 13. fxe5 Nd7 14. O-O Nf8 15. Qg4 Ng6 16. Bg3 Nce7 17. h4 Nf5 18. h5 Nxe3 19. Qg5 Nxf1 20. Rxf1 h6 21. Qg4 Ne7 22. Bh7+ Kxh7 23. Rxf7 Rg8 24. Bh4 Qd8 25. Bxe7 Qe8 26. Qg6+ Kh8 27. Bf6 Qxf7 28. Qxh6# 1-0


[Site "https://www.chess.com"]

[Event "Titled Tuesday Blitz March 14 Early 2023"]
[White "Domingo Nunez, Alejandro"]
[Black "Dubov, Daniil"]
[WhiteFideId "22245561"]
[BlackFideId "24126055"]
[WhiteElo "2230"]
[BlackElo "2802"]
[Result "0-1"]
[Round "03"]
[TimeControl "180+2"]
[Date "2023.03.14"]
[WhiteClock "0:00:21"]
[BlackClock "0:00:57"]

1. e4 c5 2. d4 cxd4 3. c3 e5 4. Nf3 Nc6 5. Bc4 Nf6 6. Ng5 d5 7. exd5 Nxd5 8. Qf3 Be6 9. Nxe6 fxe6 10. O-O Qd7 11. Bg5 Be7 12. Bxe7 Qxe7 13. Bxd5 exd5 14. Qxd5 Rd8 15. Qb3 Qf7 16. Qxf7+ Kxf7 17. cxd4 exd4 18. Na3 Rhe8 19. Rfe1 Nb4 20. Kf1 d3 21. Rxe8 Rxe8 22. Nc4 Kf6 23. a3 Nc2 24. Rd1 b5 25. Nd6 Re6 26. Nxb5 d2 0-1


[Site "https://www.chess.com"]

[Event "Titled Tuesday Blitz March 14 Early 2023"]
[White "Nurmanova, Alua"]
[Black "Pranav, V"]
[WhiteFideId "13729390"]
[BlackFideId "25060783"]
[WhiteElo "2253"]
[BlackElo "2500"]
[Result "0-1"]
[Round "03"]
[TimeControl "180+2"]
[Date "2023.03.14"]
[WhiteClock "0:00:01"]
[BlackClock "0:00:53"]

1. e4 e5 2. Nf3 Nc6 3. Bb5 a6 4. Ba4 d6 5. c3 Bd7 6. O-O g5 7. d4 g4 8. Ne1 h5 9. f4 exd4 10. cxd4 d5 11. Nc3 dxe4 12. d5 Nce7 13. Nxe4 Bg7 14. f5 Nf6 15. Nxf6+ Bxf6 16. Nd3 Bxa4 17. Qxa4+ b5 18. Qc2 Qxd5 19. Be3 Qc4 20. Qe2 Rd8 21. Rfd1 O-O 22. Rac1 Qe4 23. Nc5 Qe5 24. Nd7 Rxd7 25. Rxd7 Nxf5 26. Re1 Re8 27. Qc2 Nxe3 28. Qb3 Re6 29. Rd3 Qc5 30. Rdxe3 Bd4 0-1


[Site "https://www.chess.com"]

[Event "Titled Tuesday Blitz March 14 Early 2023"]
[White "Bortnyk, Olexandr"]
[Black "Fiorito, Joaquin"]
[WhiteFideId "14120828"]
[BlackFideId "180173"]
[WhiteElo "2734"]
[BlackElo "2157"]
[Result "1/2-1/2"]
[Round "03"]
[TimeControl "180+2"]
[Date "2023.03.14"]
[WhiteClock "0:00:25"]
[BlackClock "0:00:26"]

1. d4 Nf6 2. Nc3 d5 3. Bf4 a6 4. e3 b5 5. a3 Bb7 6. Nf3 e6 7. b4 Nbd7 8. Bd3 Bd6 9. Ne5 O-O 10. Qf3 Qe7 11. Qg3 Rfe8 12. Bg5 h6 13. Bxh6 Nh5 14. Qh3 Nxe5 15. Bh7+ Kxh7 16. Qxh5 g6 17. Qh3 Kg8 18. dxe5 Bxe5 19. e4 Qf6 20. Bd2 d4 21. Nd1 d3 22. c3 Bxe4 23. O-O Rad8 24. f4 Bd6 25. Nf2 Bb7 26. Ng4 Qg7 27. f5 exf5 28. Nh6+ Kf8 29. Nxf5 Qe5 30. Bh6+ Kg8 31. Bg7 Qxh2+ 32. Qxh2 Bxh2+ 33. Kxh2 gxf5 34. Bf6 Rd5 35. Rf3 Re6 36. Rg3+ Kf8 37. Bd4 Rg6 38. Rxd3 Ke8 39. Re1+ Kd7 40. Rg3 f4 41. Rxg6 fxg6 42. Kh3 Rg5 43. Re2 Rg3+ 44. Kh4 Rxg2 45. Re1 g5+ 46. Kh5 Bf3+ 47. Kg6 g4 48. Kf5 Bc6 49. Kxf4 Bf3 50. Re5 Ra2 51. Rg5 Rxa3 52. Rg7+ Kc6 53. Be5 Ra2 54. Rxc7+ Kd5 55. Rc5+ Ke6 56. Bd4 Rg2 57. Re5+ Kd6 58. Rg5 Re2 59. Be5+ Kd5 60. Bd4+ Kc4 61. Rg6 Re4+ 62. Kg3 Re2 63. Rxa6 Rg2+ 64. Kf4 Be2 65. Rc6+ Kb3 66. Re6 Bc4 67. Re3 Re2 68. Rg3 Bd5 69. Kxg4 Rg2 70. Rxg2 Bxg2 71. Kg3 Bd5 72. Kf4 Bc4 73. Ke5 Ka4 74. Kd6 Kb3 75. Kc5 Ka4 76. Be5 Kb3 77. Kd4 Ka4 78. Ke3 Kb3 79. Kd2 Ka4 80. Kc2 Ka3 81. Bd4 Ka4 82. Kb2 Bb3 83. Be3 Bc4 84. Bd2 Bb3 85. Bc1 Bc4 86. Kc2 Bb3+ 87. Kd3 Bc4+ 88. Kd4 Bb3 89. Bf4 Bc4 90. Bd6 Bb3 91. Bc5 Bc4 92. Be7 Bb3 93. Bf8 Bc4 94. Bg7 Bb3 95. Kc5 Bc4 96. Bd4 Bb3 97. Kc6 Bc4 98. Kb6 Bb3 99. Kc5 Bc4 100. Kb6 Bb3 101. Kc5 Bc4 1/2-1/2


[Site "https://www.chess.com"]

[Event "Titled Tuesday Blitz March 14 Early 2023"]
[White "Daneshvar, Bardiya"]
[Black "Melikyan, Gnel"]
[WhiteFideId "12576468"]
[BlackFideId "54109990"]
[WhiteElo "2468"]
[BlackElo "2138"]
[Result "0-1"]
[Round "03"]
[TimeControl "180+2"]
[Date "2023.03.14"]
[WhiteClock "0:00:01"]
[BlackClock "0:00:03"]

1. b3 Nf6 2. Bb2 g6 3. Nf3 Bg7 4. e3 O-O 5. Be2 c5 6. c4 b6 7. O-O Bb7 8. d4 cxd4 9. Nxd4 d5 10. Nd2 Nc6 11. Rc1 Rc8 12. Nxc6 Bxc6 13. Nf3 dxc4 14. Bxc4 Qxd1 15. Rfxd1 Rfd8 16. Rxd8+ Rxd8 17. Bxf7+ Kxf7 18. Ne5+ Ke8 19. Nxc6 Rd2 20. Bxf6 Bxf6 21. Nxa7 Rxa2 22. Nc6 Rb2 23. b4 Kd7 24. g3 e5 25. Nb8+ Kd8 26. Rc6 Be7 27. Rxb6 Kc7 28. Re6 Bd6 29. Na6+ Kd7 30. Rf6 Ke7 31. Rf3 e4 32. Rf4 Bxf4 33. gxf4 Ke6 34. Kg2 Kf5 35. Kg3 h6 36. h4 Rb1 37. Kh3 Rh1+ 38. Kg3 Rg1+ 39. Kh2 Ra1 40. Nc7 Kg4 41. Nd5 Kf3 42. b5 Rf1 43. b6 Rxf2+ 44. Kh3 Rf1 45. Kh2 Rb1 46. h5 gxh5 47. f5 Rb2+ 48. Kh3 Rb1 49. Kh2 Rb5 50. Nc7 Rxb6 51. Ne6 Kxe3 52. Kg3 Kd2 53. Nf4 e3 54. Kf3 Rf6 0-1


[Site "https://www.chess.com"]

[Event "Titled Tuesday Blitz March 14 Early 2023"]
[White "Steinberg, Nitzan"]
[Black "Bews, Steven"]
[WhiteFideId "2801795"]
[BlackFideId "2400529"]
[WhiteElo "2486"]
[BlackElo "2579"]
[Result "1-0"]
[Round "03"]
[TimeControl "180+2"]
[Date "2023.03.14"]
[WhiteClock "0:01:09"]
[BlackClock "0:00:08"]

1. Nf3 Nf6 2. g3 d5 3. Bg2 Bg4 4. O-O Nbd7 5. d3 e5 6. Nbd2 h6 7. h3 Bf5 8. c4 c6 9. b3 Bd6 10. Bb2 O-O 11. Rc1 Re8 12. Re1 a5 13. a3 Bh7 14. Nh4 e4 15. cxd5 e3 16. fxe3 Bxg3 17. dxc6 bxc6 18. Nhf3 Bxe1 19. Qxe1 Nd5 20. Qg3 f6 21. e4 Ne3 22. Bh1 a4 23. b4 Qe7 24. Nd4 c5 25. bxc5 Nxc5 26. Qxe3 Qe5 27. Nc4 Qb8 28. Nc6 Qb5 29. Nb4 Nb3 30. Rf1 Rad8 31. Qg3 Kh8 32. Nd6 Rxd6 33. Qxd6 Qg5+ 34. Bg2 Qe3+ 35. Rf2 Qd2 36. Bxf6 1-0


[Site "https://www.chess.com"]

[Event "Titled Tuesday Blitz March 14 Early 2023"]
[White "Gontcharov, Vladislav"]
[Black "Terry, Renato"]
[WhiteFideId "4123492"]
[BlackFideId "3803457"]
[WhiteElo "2470"]
[BlackElo "2579"]
[Result "0-1"]
[Round "03"]
[TimeControl "180+2"]
[Date "2023.03.14"]
[WhiteClock "0:00:05"]
[BlackClock "0:01:26"]

1. e4 e6 2. d4 d5 3. e5 c5 4. c3 Qb6 5. Nf3 Bd7 6. Be2 cxd4 7. cxd4 Bb5 8. O-O Bxe2 9. Qxe2 Nc6 10. Be3 Nge7 11. Nc3 Nf5 12. Rfd1 Be7 13. g4 Nxe3 14. fxe3 O-O 15. g5 Rac8 16. Kh1 Bb4 17. e4 Bxc3 18. bxc3 Ne7 19. exd5 Nxd5 20. c4 Nc3 21. Qd3 Nxd1 22. Rxd1 Qc6 23. Rc1 b5 24. c5 Rfd8 25. Kg2 Qd5 26. Qe2 b4 27. Kg3 a5 28. h4 a4 29. h5 b3 30. axb3 axb3 31. g6 fxg6 32. hxg6 h6 33. Rb1 Rf8 34. Qe3 Rb8 35. Rb2 Rf5 36. c6 Qxc6 37. Rxb3 Rbf8 38. Qe2 Qd5 39. Re3 Qc6 40. Qd3 Qe8 41. Nh4 Rg5+ 42. Kh3 Qa8 43. Qe4 Qa1 44. Rg3 Rxg3+ 45. Kxg3 Qg1+ 46. Ng2 Qf2+ 47. Kh2 Qf3 48. Qxf3 Rxf3 49. Ne1 Re3 50. Ng2 Re4 51. Kg3 Rxd4 52. Nf4 Re4 53. Nxe6 Rxe5 54. Nf4 Kf8 55. Kg4 Ke7 56. Kf3 Kf6 57. Nd3 Rf5+ 58. Kg4 Kxg6 59. Kh4 Kf6 60. Kg4 g6 61. Kh4 h5 62. Kg3 Kg5 63. Ne1 h4+ 64. Kh3 Kh5 65. Ng2 g5 66. Ne1 g4+ 67. Kg2 Ra5 68. Nd3 Ra2+ 69. Kg1 h3 70. Kh1 g3 0-1


[Site "https://www.chess.com"]

[Event "Titled Tuesday Blitz March 14 Early 2023"]
[White "Karttunen, Mika"]
[Black "Ibarra Jerez, Jose Carlos"]
[WhiteFideId "502081"]
[BlackFideId "2226332"]
[WhiteElo "2396"]
[BlackElo "2638"]
[Result "0-1"]
[Round "03"]
[TimeControl "180+2"]
[Date "2023.03.14"]
[WhiteClock "0:00:06"]
[BlackClock "0:00:52"]

1. d4 Nf6 2. c4 d6 3. Nc3 e5 4. Nf3 e4 5. Ng5 Qe7 6. f3 exf3 7. Nxf3 Na6 8. Bg5 c6 9. e4 h6 10. Bxf6 Qxf6 11. Be2 Qd8 12. O-O Be7 13. Kh1 O-O 14. a3 Bf6 15. b4 Nc7 16. c5 d5 17. e5 Be7 18. b5 f6 19. bxc6 bxc6 20. Qa4 Qe8 21. Rae1 Ne6 22. Ba6 f5 23. Rb1 g5 24. Bb7 Bxb7 25. Rxb7 g4 26. Ng1 f4 27. Nce2 Rf7 28. Qc2 Rf8 29. h3 h5 30. Rb3 Qf7 31. Ng3 Nxd4 32. Qd3 Nxb3 33. Qxb3 Bxc5 34. N3e2 Bxg1 35. Nxg1 Rae8 36. Ne2 f3 37. gxf3 gxf3 38. Ng1 f2 39. Qg3+ Qg7 0-1


[Site "https://www.chess.com"]

[Event "Titled Tuesday Blitz March 14 Early 2023"]
[White "Acor, Corey"]
[Black "Lopez Mulet, Inigo"]
[WhiteFideId "2024861"]
[BlackFideId "22235620"]
[WhiteElo "2341"]
[BlackElo "2289"]
[Result "0-1"]
[Round "03"]
[TimeControl "180+2"]
[Date "2023.03.14"]
[WhiteClock "0:00:59"]
[BlackClock "0:01:05"]

1. e4 g6 2. Nc3 Bg7 3. g3 c5 4. Bg2 h5 5. d3 h4 6. g4 Nc6 7. h3 d6 8. f4 f5 9. exf5 gxf5 10. Nd5 e6 11. Ne3 Nf6 12. Nf3 Qe7 13. Qe2 Bd7 14. Ng5 Nd4 15. Qf2 O-O-O 16. c3 Nc6 17. Bd2 e5 18. fxe5 Nxe5 19. Nxf5 Bxf5 20. Qxf5+ Kb8 21. O-O Nfd7 22. Rae1 Rdf8 23. Qf6 Bxf6 0-1


[Site "https://www.chess.com"]

[Event "Titled Tuesday Blitz March 14 Early 2023"]
[White "Sokac, Marko"]
[Black "Volkov, Sergey"]
[WhiteFideId "14531356"]
[BlackFideId "4122763"]
[WhiteElo "2355"]
[BlackElo "2401"]
[Result "1-0"]
[Round "03"]
[TimeControl "180+2"]
[Date "2023.03.14"]
[WhiteClock "0:01:00"]
[BlackClock "0:00:05"]

1. e4 e6 2. d4 d5 3. Nc3 Nf6 4. e5 Ne4 5. Nce2 h6 6. h4 Be7 7. g3 c5 8. f3 Nxg3 9. Nxg3 Bxh4 10. Ne2 Nc6 11. c3 O-O 12. Be3 f6 13. Rxh4 fxe5 14. Rg4 exd4 15. cxd4 e5 16. Rg6 Kh7 17. Qc2 e4 18. Rxc6 bxc6 19. fxe4 Qh4 20. O-O-O dxe4 21. Qxe4+ Qxe4 22. Nxe4 Re8 23. N2c3 Bf5 24. Bd3 cxd4 25. Nf6+ Kg6 26. Nxe8 Bxd3 27. Rxd3 c5 28. Nc7 Rc8 29. Ne6 dxe3 30. Rxe3 Kf6 31. Nd5+ Kf7 32. Nef4 Re8 33. Ra3 Ra8 34. Nb6 Rb8 35. Rxa7+ Kf6 36. Nbd5+ Ke5 37. Rxg7 Kd4 38. Nc3 c4 39. Rg6 Rh8 40. Rg4 h5 41. Rh4 Ke3 42. Rxh5 Rg8 43. Nfd5+ Kd3 44. Rh3+ Kd4 45. Rh1 Rg2 46. Rd1+ Kc5 47. Rd2 Rg1+ 48. Kc2 Rh1 49. b4+ cxb3+ 50. axb3 Rg1 51. b4+ Kc4 52. Rh2 1-0


[Site "https://www.chess.com"]

[Event "Titled Tuesday Blitz March 14 Early 2023"]
[White "Yuan, Qingyu"]
[Black "Safin, Robert"]
[WhiteFideId "8609772"]
[BlackFideId "34189120"]
[WhiteElo "2359"]
[BlackElo "2245"]
[Result "1-0"]
[Round "03"]
[TimeControl "180+2"]
[Date "2023.03.14"]
[WhiteClock "0:00:03"]
[BlackClock "0:00:02"]

1. e4 c6 2. d4 d5 3. exd5 cxd5 4. Bd3 Nc6 5. c3 Nf6 6. h3 g6 7. Nf3 Bf5 8. O-O Bxd3 9. Qxd3 e6 10. Bf4 Bd6 11. Bh6 Bf8 12. Bg5 Be7 13. Bh6 Bf8 14. Bxf8 Kxf8 15. Nbd2 Qc7 16. Rfe1 Kg7 17. Re2 Rab8 18. Nb3 Na5 19. Nc5 Rhe8 20. Rae1 Nd7 21. Ne5 Nxe5 22. Rxe5 b6 23. Nb3 Nc4 24. R5e2 a5 25. Qf3 Rbc8 26. Nc1 Nd6 27. Nd3 Nc4 28. h4 h5 29. g3 Rcd8 30. Kg2 Rc8 31. Nf4 Nd6 32. Qd3 Qd7 33. Nh3 Qc7 34. Ng5 Nf5 35. Qf3 Qd7 36. Qf4 Rcd8 37. Nf3 Qd6 38. Ne5 Qb8 39. Qf3 Qd6 40. Rd1 Qc7 41. Rde1 Rc8 42. Nd3 Qd6 43. Nf4 Qc7 44. Nxd5 Qb7 45. Nf4 Qxf3+ 46. Kxf3 b5 47. d5 e5 48. Rxe5 Red8 49. Kg2 b4 50. Rc1 bxc3 51. bxc3 Rc4 52. Re2 Nxh4+ 53. Kf1 Nf5 54. Rb2 Rc5 55. c4 h4 56. Rb5 Rxb5 57. cxb5 hxg3 58. b6 g5 59. b7 gxf2 60. Rc8 1-0


[Site "https://www.chess.com"]

[Event "Titled Tuesday Blitz March 14 Early 2023"]
[White "Tokhirjonova, Gulrukhbegim"]
[Black "Mitrabha, Guha"]
[WhiteFideId "14203626"]
[BlackFideId "5057000"]
[WhiteElo "2268"]
[BlackElo "2507"]
[Result "0-1"]
[Round "03"]
[TimeControl "180+2"]
[Date "2023.03.14"]
[WhiteClock "0:00:10"]
[BlackClock "0:02:02"]

1. d4 d6 2. c4 e5 3. dxe5 dxe5 4. Qxd8+ Kxd8 5. Nc3 c6 6. e4 Be6 7. Be3 Nd7 8. O-O-O Kc7 9. f3 Bc5 10. Bxc5 Nxc5 11. h4 Ne7 12. Nh3 h6 13. Nf2 Rhd8 14. Be2 Rd4 15. b3 Rad8 16. Kc2 a5 17. a3 Ng6 18. g3 Nf8 19. b4 axb4 20. axb4 Na6 21. b5 Nc5 22. bxc6 bxc6 23. f4 f6 24. fxe5 fxe5 25. Rxd4 exd4 26. Ncd1 Ng6 27. Nb2 Ne5 28. Nfd3 Ncxd3 29. Bxd3 Rf8 30. Rf1 Rb8 31. Na4 Rb4 32. Nb2 Rxb2+ 33. Kxb2 Nxd3+ 34. Kc2 Bxc4 35. Ra1 Nb4+ 36. Kd2 Kb7 37. e5 Be6 38. g4 c5 39. Rb1 Kc6 40. g5 hxg5 41. hxg5 Kb5 42. g6 c4 43. Rf1 c3+ 44. Kc1 d3 45. Rf7 d2+ 46. Kd1 Bb3+ 0-1


[Site "https://www.chess.com"]

[Event "Titled Tuesday Blitz March 14 Early 2023"]
[White "Pakleza, Zbigniew"]
[Black "Riff, Vincent"]
[WhiteFideId "1119290"]
[BlackFideId "617776"]
[WhiteElo "2410"]
[BlackElo "2369"]
[Result "1-0"]
[Round "03"]
[TimeControl "180+2"]
[Date "2023.03.14"]
[WhiteClock "0:00:04"]
[BlackClock "0:01:12"]

1. d4 d5 2. Bf4 c5 3. e3 Nc6 4. c3 Qb6 5. Qb3 c4 6. Qc2 e5 7. dxe5 Bf5 8. Qc1 g5 9. Bg3 Bg7 10. Nf3 h6 11. Nd4 Bg6 12. f4 Nge7 13. Nd2 O-O-O 14. b3 gxf4 15. exf4 Nxd4 16. cxd4 Qxd4 17. bxc4 Kb8 18. Be2 dxc4 19. Nxc4 Nd5 20. Bf2 Qc3+ 21. Qxc3 Nxc3 22. Rc1 Nxe2 23. Kxe2 Rd5 24. g4 h5 25. f5 Bh7 26. h3 Bxe5 27. Nxe5 Rxe5+ 28. Kf3 Ka8 29. Rhe1 Rxe1 30. Rxe1 hxg4+ 31. hxg4 Rc8 32. Re7 Bg8 33. Bd4 a5 34. Kf4 a4 35. g5 b5 36. a3 Rd8 37. Ke5 Kb8 38. Bb6 Rd1 39. Re8+ Kb7 40. Rxg8 Kxb6 41. Kf6 b4 42. Rb8+ Kc5 43. Rxb4 Rd5 44. Rxa4 Rd6+ 45. Kxf7 Ra6 46. Rxa6 1-0


[Site "https://www.chess.com"]

[Event "Titled Tuesday Blitz March 14 Early 2023"]
[White "Molina, Roberto Junio Brito"]
[Black "Yurovskykh, Oleksandr"]
[WhiteFideId "2109450"]
[BlackFideId "14134020"]
[WhiteElo "2376"]
[BlackElo "2268"]
[Result "1-0"]
[Round "03"]
[TimeControl "180+2"]
[Date "2023.03.14"]
[WhiteClock "0:00:55"]
[BlackClock "0:00:19"]

1. d4 d5 2. c4 dxc4 3. e3 Nf6 4. Bxc4 e6 5. Nf3 c5 6. dxc5 Qxd1+ 7. Kxd1 Bxc5 8. a3 Nbd7 9. b4 Be7 10. Bb2 a5 11. b5 Nb6 12. Nbd2 Bd7 13. a4 Rc8 14. Ne5 O-O 15. Ke2 Rc7 16. Bd4 Bc5 17. Bb2 Rfc8 18. Bb3 Bb4 19. Rhc1 Kf8 20. Ndc4 Nxc4 21. Nxc4 Ke7 22. Be5 Rxc4 23. Rxc4 Rxc4 24. Bxc4 Ne8 25. f4 f6 26. Bd4 Nd6 27. Bd3 h6 28. Rc1 Ne8 29. e4 Bd6 30. e5 fxe5 31. fxe5 Bb4 32. Bc5+ Bxc5 33. Rxc5 b6 34. Rc3 Kd8 35. Be4 Nc7 36. Ke3 Be8 37. h4 Bd7 38. g4 Be8 39. g5 hxg5 40. hxg5 Bd7 41. Kd4 1-0


[Site "https://www.chess.com"]

[Event "Titled Tuesday Blitz March 14 Early 2023"]
[White "Reprintsev, Alexander"]
[Black "Santos Ruiz, Miguel"]
[WhiteFideId "14100541"]
[BlackFideId "22291482"]
[WhiteElo "2229"]
[BlackElo "2504"]
[Result "1-0"]
[Round "03"]
[TimeControl "180+2"]
[Date "2023.03.14"]
[WhiteClock "0:00:13"]
[BlackClock "0:00:03"]

1. e4 c5 2. b3 g6 3. Bb2 Nf6 4. g4 Bg7 5. g5 Nh5 6. Bxg7 Nxg7 7. Nc3 Nc6 8. Qf3 Ne6 9. Qe3 Ned4 10. O-O-O Qa5 11. Nf3 d6 12. Rg1 Bd7 13. Kb2 b5 14. Ne2 Nxc2 15. Qc3 Qa3+ 16. Kb1 N2d4 17. Nexd4 Nxd4 18. Nxd4 cxd4 19. Qxd4 O-O 20. Rc1 Rfc8 21. Bd3 a5 22. f4 a4 23. Qb2 axb3 24. Qxb3 Qa5 25. Rxc8+ Bxc8 26. f5 Qxd2 27. Rd1 Qxh2 28. Bxb5 Rb8 29. a4 Qe5 30. Qb2 Bd7 31. Qxe5 dxe5 32. Rxd7 Kf8 33. f6 exf6 34. gxf6 1-0


[Site "https://www.chess.com"]

[Event "Titled Tuesday Blitz March 14 Early 2023"]
[White "Lobanov, Sergei"]
[Black "Escano Dionicio, Porfirio Simeon"]
[WhiteFideId "24183750"]
[BlackFideId "6406181"]
[WhiteElo "2489"]
[BlackElo "1968"]
[Result "1-0"]
[Round "03"]
[TimeControl "180+2"]
[Date "2023.03.14"]
[WhiteClock "0:00:39"]
[BlackClock "0:00:16"]

1. d4 Nf6 2. c4 g6 3. Nc3 Bg7 4. e4 d6 5. h3 O-O 6. Be3 c5 7. Nf3 cxd4 8. Nxd4 Nc6 9. Be2 Bd7 10. O-O Nxd4 11. Bxd4 Bc6 12. Qd3 a5 13. Nd5 Bxd5 14. exd5 a4 15. Rfe1 Re8 16. Bf3 Nd7 17. Bxg7 Kxg7 18. Qd4+ Kg8 19. Re3 Qb6 20. Qc3 Qc7 21. Rae1 Ne5 22. Be2 Rac8 23. Rc1 Nd7 24. Bf1 Qc5 25. Rce1 Ne5 26. Re4 a3 27. b4 Qxd5 28. f4 Nd7 29. Rxe7 Rxe7 30. Rxe7 Qc6 31. Kh2 b5 32. Be2 bxc4 33. Bg4 Rd8 34. Bxd7 1-0


[Site "https://www.chess.com"]